 Dungeon Crawl Stone Soup version 0.27-a0-773-gaaee5cf45b (webtiles) character file.

Game seed: 14683637362331167426

28 omnomnOMINOUS the Digger (level 3, 0/26 HPs)
             Began as a Formicid Earth Elementalist on Mar 25, 2021.
             Slain by a goblin
             ... wielding a +0 club
             ... led by Robin
              (4 damage)
             ... on level 1 of the Dungeon.
             The game lasted 00:02:54 (1551 turns).

omnomnOMINOUS the Digger (FoEE)                     Turns: 1551, Time: 00:02:55

Health: 0/26       AC:  3    Str: 12    XL:     3   Next: 30%
Magic:  6/6        EV: 11    Int: 15    God:
Gold:   28         SH:  3    Dex: 11    Spells: 5/6 levels left

rFire    . . .     SeeInvis +   a - +0 club
rCold    . . .     Faith    .   h - +0 buckler
rNeg     . . .     Spirit   .   c - +0 robe
rPois    .         Reflect  .   (helmet unavailable)
rElec    .         Harm     .   (no cloak)
rCorr    .         Rampage  .   (no gloves)
Will     .....                  f - +0 pair of boots
Stlth    ++........             (no amulet)
HPRegen  0.08/turn              (no ring)
MPRegen  0.10/turn              (no ring)

@: no status effects
A: permanent stasis, dig shafts and tunnels, antennae 3, four strong arms
a: Dig, Shaft Self


You were on level 1 of the Dungeon.
You visited 1 branch of the dungeon, and saw 2 of its levels.

You collected 28 gold pieces.

Inventory:

Hand Weapons
 a - a +0 club (weapon)
Missiles
 b - 15 stones
 d - 14 poisoned darts
Armour
 c - a +0 robe (worn)
 f - a +0 pair of boots (worn)
 h - a +0 buckler (worn)
Scrolls
 e - a scroll of amnesia {unknown}
Potions
 g - 2 potions of heal wounds {unknown}


   Skills:
 + Level 1.1 Fighting
 - Level 1.0 Armour
 - Level 2.1 Dodging
 - Level 2.4 Stealth
 + Level 0.2 Shields
 - Level 2.1 Spellcasting
 - Level 1.1 Transmutations
 * Level 4.3 Earth Magic


You had 5 spell levels left.
You knew the following spells:

 Your Spells              Type           Power      Damage    Failure   Level
a - Sandblast             Erth           28%        2d8       6%          1

Your spell library contained the following spells:

 Spells                   Type           Power      Damage    Failure   Level
 Passwall                 Tmut/Erth      7%         N/A       17%         2
 Stone Arrow              Conj/Erth      16%        3d8       38%         3
 Petrify                  Tmut/Erth      9%         N/A       73%         4
 Lee's Rapid Deconstruct  Erth           7%         3d7*      85%         5


Dungeon Overview and Level Annotations

Branches:
Dungeon (2/15)

Altars:

Annotations:
D:1 Robin


Innate Abilities, Weirdness & Mutations

You cannot be hasted, slowed, berserked, paralysed or teleported.
You can dig through walls and to a lower floor.
You have a pair of large antennae on your head. (SInv)
Your four strong arms can wield two-handed weapons with a shield.


Message History

The goblin is severely wounded.
The goblin hits you with a +0 dagger.
You hit the goblin.
You kill the goblin!
Things that are here:
a +0 dagger; a goblin corpse You start resting.
Magic restored.
You start resting.
HP restored.
There is a stone staircase leading down here.
You climb downwards.
Level annotation: Robin A goblin comes into view.
It is wielding a +0 club.
The hobgoblin barely misses you. You block the goblin's attack.
You block the hobgoblin's attack. The goblin hits you with a +0 club.
Robin misses you.
There is a stone staircase leading up here.
The hobgoblin hits you.
Robin roars a battlecry!
The goblins go into a battle-frenzy!
The hobgoblin closely misses you. The goblin hits you with a +0 club.
The goblin barely misses you.
You climb upwards.
There is a stone staircase leading down here.
The goblin barely misses you.
The hobgoblin hits you but does no damage.
Robin throws the goblin at you! The goblin hits you with a +0 club.
You closely miss the goblin. Robin throws the goblin at you!
The goblin hits you with a +0 club. x2
You barely miss the goblin. The goblin hits you with a +0 club.
The goblin hits you but does no damage. The goblin hits you with a +0 club.
* * * LOW HITPOINT WARNING * * *
The goblin barely misses you. The goblin closely misses you.
Robin throws the goblin at you! The goblin hits you with a +0 club.
* * * LOW HITPOINT WARNING * * *
You block the goblin's attack.
The hobgoblin no longer looks unusually strong. x2
The goblin hits you with a +0 club.
You die...

##### # #.#.# #
#############.#.########## #
#........................# #
#.#########.#.........#.## # #.#
#######...#....##.#.#
#######.###.........#.##.##.#.#
#.........#.....@g..#.##.##.#.#
#..........).....g....##.##.#.#
#...............gg.....#.##.#.#
....###..........g.....#.##.#.#
...............##......#.#..#.#
....##.........##........#..#.##
....#..........##..............#
.........#............#.....####
.............>......#########.#


You could see Robin, 2 hobgoblins and 2 goblins.

Vanquished Creatures
  2 dart slugs (D:1)
  4 bats (D:1)
  7 goblins (D:1)
  A hobgoblin (D:1)
  A quokka (D:1)
  5 ball pythons (D:1)
  A frilled lizard (D:1)
  4 rats (D:1)
25 creatures vanquished.

Notes
Turn   | Place    | Note
-------+----------+-------------------------------------------
     0 | D:1      | omnomnOMINOUS the Formicid Earth Elementalist began the
                  | quest for the Orb.
     0 | D:1      | Reached XP level 1. HP: 13/13 MP: 3/3
   101 | D:1      | Reached XP level 2. HP: 20/20 MP: 1/5
   227 | D:1      | Reached skill level 4 in Earth Magic
   886 | D:1      | Reached XP level 3. HP: 7/25 MP: 4/6
  1115 | D:1      | Reached skill level 1 in Fighting
  1115 | D:1      | Reached skill level 1 in Armour
  1405 | D:2      | Noticed Robin
  1551 | D:1      | Slain by a goblin

Illustrated notes

Levels and vault maps discovered:
D:1:      lightli_arrival_isolated_outpost, layout_basic
D:2:      layout_loops_ring, grunt_temple_overflow_open,
          corexii_leaking_fountain, uniq_robin

Skill      XL: |  1  2  3 |
---------------+----------+-----
Dodging        | 2 |  2.1
Earth Magic    | 4 |  4.3
Fighting       | 1 |  1.1
Armour         | 1 |  1.0
Stealth        | |  2.4
Shields        | |  0.2
Spellcasting   | |  2.1
Transmutations | |  1.1

Action                   || total
-------------------------++-------
Melee: Unarmed           ||     3
       Club              ||    50
 Cast: Sandblast         ||    15
 Stab: Sleeping          ||     2
Armor: Robe              ||    23
Dodge: Dodged            ||    44
Block: Buckler           ||     6

Table legend: (Time is in decaauts)
 A = Elapsed time spent in this place.
 B = Non-inter-level travel time spent in this place.
 C = Inter-level travel time spent in this place.
 D = Time resting spent in this place.
 E = Time spent auto-exploring this place.
 F = Levels seen in this place.
 G = Mean time per level.
                   A        B        C        D        E       F      G
               +--------+--------+--------+--------+--------+-----+--------+
         Total |   1569 |   1559 |     10 |    574 |    718 |   2 |  784.5 |
       Dungeon |   1569 |   1559 |     10 |    574 |    718 |   2 |  784.5 |
               +--------+--------+--------+--------+--------+-----+--------+

Top non-repeatable levels by time:
     D:1: 1565 daAuts
     D:2: 4 daAuts
